 Dungeon Crawl Stone Soup version 0.32-a0-938-g40ac7a0f4d (webtiles) character file.

Game seed: 851781617072067187

1517696 NormalPerson7 the Slayer (level 27, 233/233 (245) HPs)
             Began as a Coglin Wanderer on Apr 14, 2024.
             Was the Champion of Ru.
             Escaped with the Orb
             ... and 3 runes on Apr 15, 2024!
             The game lasted 04:41:28 (90174 turns).

NormalPerson7 the Slayer (Coglin Wanderer)         Turns: 90174, Time: 04:41:29

HP:   233/233 (245) AC: 24    Str: 17 (21) XL:     27
MP:   32/32         EV: 23    Int:  9 (13) God:    Ru [******]
Gold: 9605          SH:  0    Dex: 20 (25) Spells: 9/38 levels left

rFire   + . .        g - +7 demon blade (elec) {Doyun}
rCold   + . .        D - +6 double sword (holy) {Hilda}
rNeg    . . .        X - +8 scale mail of the Saviour {rPois Str+3 Slay+5 Stlth+}
rPois   +            K - +2 hat {Will+}
rElec   +            S - scarf {rC+ rF+}
rCorr   .            R - +2 pair of gloves
SInv    .            j - +2 pair of boots {rampage}
Will    ++++.        (amulet unavailable)
Stlth   +            (ring unavailable)
HPRegen 0.58/turn    (ring unavailable)
MPRegen 0.23/turn    P - actuated turbine {RevParry, rElec Will+}

%: rampage
@: studying 2 skills, lightly drained
A: inability to read after injury 2, hated by all, no conjurations magic, no
earth magic, no hexes magic, reduced AC 1, disrupted magic 1, no forms, off-hand
wielding, slow wielding, warmup strikes, no jewellery, agile 1, strong 1
0: Orb of Zot
}: 3/15 runes: barnacled, silver, gossamer
a: Renounce Religion, Draw Out Power, Power Leap, Apocalypse


You escaped.
You worshipped Ru.
Ru was exalted by your worship.
You visited 10 branches of the dungeon, and saw 50 of its levels.
You also visited: Gauntlet, Ice Cave and Wizlab.

You collected 10885 gold pieces.
You spent 1280 gold pieces at shops.

Inventory:

Hand Weapons
 g - a +7 demon blade of electrocution (weapon) {Doyun}
 y - the +8 falchion "Zoti" {vamp, rN+ Int+6 Dex-3}
   (You found it on level 3 of the Lair of Beasts)

   Int+6:     It affects your intelligence (+6).
   Dex-3:     It affects your dexterity (-3).
   rN+:       It protects you from negative energy.
 D - a +6 double sword of holy wrath (offhand) {Hilda}
 U - a +6 demon blade of draining {Dejan}
Missiles
 l - 8 throwing nets (quivered) {!f}
 p - 37 poisoned darts
 w - 10 curare-tipped darts
 A - 43 boomerangs
 I - 3 silver javelins
Armour
 j - a +2 pair of boots of rampaging (worn)
 k - the +1 cloak of Starlight {*Dazzle EV+4 Stlth--}
   (You found it in a Gauntlet)

   *Dazzle:   It may blind those who miss an attack against the wearer in melee
   combat.
   EV+4:      It affects your evasion (+4).
   Stlth--:   It makes you much less stealthy.
 K - a +2 hat of willpower (worn)
 R - a +2 pair of gloves (worn)
 S - a scarf of resistance (worn)
 T - the +6 chain mail of Daisies {rC+ Slay+3}
   (You found it on level 8 of the Dungeon)

   Slay+3:    It affects your accuracy & damage with ranged weapons and melee
   (+3).
   rC+:       It protects you from cold.
 X - the +8 scale mail of the Saviour (worn) {rPois Str+3 Slay+5 Stlth+}
   (You found it on level 4 of the Lair of Beasts)

   Str+3:     It affects your strength (+3).
   Slay+5:    It affects your accuracy & damage with ranged weapons and melee
   (+5).
   rPois:     It protects you from poison.
   Stlth+:    It makes you more stealthy.
Gizmo
 P - an actuated turbine (installed) {RevParry, rElec Will+}
   (You invented it yourself on level 5 of the Lair of Beasts)

   [actuated turbine]

   RevParry:  Your AC increases as you Rev (up to +5) and while fully Revved,
   your attacks may disarm enemies.
   rElec:     It insulates you from electricity.
   Will+:     It increases your willpower.
Wands
 b - a wand of polymorph (27)
 r - a wand of warping (14)
 C - a wand of flame (86)
 L - a wand of light (11)
 O - a wand of mindburst (15)
Scrolls
 d - 9 scrolls of immolation
 e - 9 scrolls of fear
 o - 7 scrolls of fog
 t - 18 scrolls of teleportation
 v - 13 scrolls of vulnerability
 x - 3 scrolls of blinking
 B - a scroll of torment
 J - a scroll of revelation
 Q - 8 scrolls of enchant armour
 V - 10 scrolls of poison
 Z - 4 scrolls of silence
Potions
 c - 7 potions of cancellation
 f - 12 potions of haste
 h - 16 potions of heal wounds
 i - 12 potions of brilliance
 m - 9 potions of might
 n - 5 potions of berserk rage
 q - 26 potions of curing
 s - 6 potions of resistance
 z - 5 potions of magic
 E - 10 potions of mutation
 G - 5 potions of invisibility
 H - 12 potions of ambrosia
 N - 5 potions of attraction
 Y - 4 potions of enlightenment
Miscellaneous
 a - a Gell's gravitambourine (2/2)
 u - a lightning rod (4/4)
 M - a tin of tremorstones (2/2)


   Skills:
 - Level 26.0 Fighting
 - Level 4.0(10.2) Short Blades
 - Level 15.7(16.0) Long Blades
 - Level 4.0 Polearms
 + Level 21.6 Armour
 + Level 21.6 Dodging
 - Level 1.0 Stealth
 - Level 6.0 Spellcasting
 - Level 10.0 Necromancy
 - Level 13.0 Translocations
 - Level 3.6 Fire Magic
 - Level 11.0 Air Magic
 - Level 5.0 Alchemy
 - Level 1.0 Invocations
 - Level 19.5 Evocations


You had 9 spell levels left.
You knew the following spells:

 Your Spells              Type           Power      Damage    Failure   Level
a - Foxfire               Conj/Fire      20%        2x1d5     28%         1
b - Lesser Beckoning      Tloc           52%        N/A       1%          2
c - Swiftness             Air            22%        N/A       2%          3
f - Fugue of the Fallen   Necr           20%        N/A       3%          3
g - Passage of Golubria   Tloc           26%        N/A       3%          4
i - Call Imp              Summ           4%         N/A       63%         2
m - Maxwell's Portable P  Tloc           26%        2d(7-21)  1%          3
p - Apportation           Tloc           52%        N/A       1%          1
u - Dispel Undead         Necr           20%        3d11      11%         4
v - Vhi's Electric Charg  Tloc/Air       48%        N/A       5%          4
X - Blink                 Tloc           52%        N/A       1%          2

Your spell library contained the following spells:

 Spells                   Type           Power      Damage    Failure   Level
 Necrotise                Necr           80%        1d8       1%          1
 Cigotuvi's Dreadful Rot  Necr/Alch/Air  36%        N/A       3%          2
 Vampiric Draining        Necr           20%        2d7       3%          3
 Mercury Vapours          Alch/Air       34%        N/A       4%          2
 Volatile Blastmotes      Fire/Tloc      34%        2d12      7%          3
 Airstrike                Air            11%        2d(2-18)  8%          4
 Scorch                   Fire           18%        2d5       21%         2
 Curse of Agony           Necr           20%        N/A       26%         5
 Freeze                   Ice            8%         1d3       47%         1
 Olgreb's Toxic Radiance  Alch           11%        N/A       56%         4
 Ignite Poison            Fire/Alch      10%        N/A       67%         4
 Sticky Flame             Fire/Alch      10%        2d5       67%         4
 Frozen Ramparts          Ice            4%         1d1       83%         3
 Ozocubu's Armour         Ice            2%         N/A       83%         3
 Alistair's Intoxication  Alch           7%         N/A       88%         5
 Eringya's Noxious Bog    Alch           5%         4d6       100%        6
 Ozocubu's Refrigeration  Ice            1%         4d7       100%        7
 Borgnjor's Revivificati  Necr           10%        N/A       100%        8
 Disjunction              Tloc           13%        N/A       100%        8
 Ignition                 Fire           4%         3d4       100%        8
 Maxwell's Capacitive Co  Air            11%        ∞         100%        8
 Death's Door             Necr           10%        N/A       100%        9
 Polar Vortex             Ice            1%         N/A       100%        9
 Shock                    Conj/Air       Unusable   1d6       N/A         1
 Momentum Strike          Conj/Tloc      Unusable   3d8       N/A         2
 Mephitic Cloud           Conj/Alch/Air  Unusable   N/A       N/A         3
 Sting                    Conj/Alch      Unusable   1d4       N/A         1
 Magic Dart               Conj           Unusable   1d3       N/A         1
 Sandblast                Erth           Unusable   2d4       N/A         1
 Slow                     Hex            Unusable   N/A       N/A         1
 Summon Small Mammal      Summ           Unusable   N/A       N/A         1
 Anguish                  Hex/Necr       Unusable   N/A       N/A         4
 Martyr's Knell           Necr/Summ      Unusable   N/A       N/A         4
 Inner Flame              Hex/Fire       Unusable   N/A       N/A         3
 Ensorcelled Hibernation  Hex/Ice        Unusable   N/A       N/A         2
 Confusing Touch          Hex            Unusable   N/A       N/A         3
 Dazzling Flash           Conj/Hex       Unusable   N/A       N/A         3
 Hailstorm                Conj/Ice       Unusable   3d5       N/A         3
 Passwall                 Erth           Unusable   N/A       N/A         3
 Stone Arrow              Conj/Erth      Unusable   3d7       N/A         3
 Summon Ice Beast         Ice/Summ       Unusable   N/A       N/A         3
 Arcjolt                  Conj/Air       Unusable   1d16      N/A         5
 Silence                  Hex/Air        Unusable   N/A       N/A         5
 Leda's Liquefaction      Alch/Erth      Unusable   N/A       N/A         4
 Borgnjor's Vile Clutch   Necr/Erth      Unusable   N/A       N/A         5
 Flame Wave               Conj/Fire      Unusable   2d5       N/A         4
 Freezing Cloud           Conj/Ice/Air   Unusable   6-21      N/A         5
 Animate Armour           Summ/Erth      Unusable   N/A       N/A         4
 Brom's Barrelling Bould  Conj/Erth      Unusable   2d3       N/A         4
 Iskenderun's Battlesphe  Conj           Unusable   2d6       N/A         5
 Bombard                  Conj/Erth      Unusable   9d1       N/A         6
 Conjure Ball Lightning   Conj/Air       Unusable   3x3d6     N/A         6
 Permafrost Eruption      Ice/Erth       Unusable   2x4d1     N/A         6
 Sculpt Simulacrum        Ice/Alch       Unusable   N/A       N/A         6
 Summon Cactus Giant      Summ           Unusable   N/A       N/A         6
 Haunt                    Necr/Summ      Unusable   N/A       N/A         7
 Spellforged Servitor     Conj/Summ      Unusable   N/A       N/A         7
 Discord                  Hex            Unusable   N/A       N/A         8
 Lehudib's Crystal Spear  Conj/Erth      Unusable   10d2      N/A         8

Dungeon Overview and Level Annotations

Branches:
Dungeon (15/15)            Temple (0/1) D:7            Lair (5/5) D:10
 Shoals (4/4) Lair:2       Spider (4/4) Lair:2        Slime (0/5) Lair:5
    Orc (2/2) D:12            Elf (3/3) Orc:2        Vaults (5/5) D:13
  Crypt (3/3) Vaults:2       Tomb (0/3) Crypt:3      Depths (4/4) D:15
    Zot (5/5) Depths:4      IceCv (visited)          WizLab (visited)
Gauntlet (visited)

Altars:
Ashenzari
Cheibriados
Kikubaaqudgha
Makhleb
Qazlal
Ru
Uskayaw
Vehumet
Xom
Zin
Lugonu

Shops:
D:3 =   D:6 **   D:7 (   Orc:2 *=[(   Elf:2 (   Shoals:1 [   Depths:2 :

Portals:
Hell: Depths:1 Depths:2 Depths:3 Depths:4
Abyss: Depths:2 Depths:3
Pandemonium: D:15 Depths:1 Depths:2
Ziggurat: Depths:1
Trove: D:14 (give horn of Geryon)

Annotations:
D:13 3 runed translucent doors, exclusion: 3 doors, Gargoyl's ghost, journeyman GrBe
Shoals:1 Roxanne
Zot:3 1 runed translucent door, Jetoguma's ghost, legendary HuBe
Zot:5 1 runed translucent door, Anuegiwi's ghost, veteran AtFi


Innate Abilities, Weirdness & Mutations

You sometimes lose the ability to read scrolls when taking damage.
You are hated by all.
You cannot study or cast Conjurations magic.
You cannot study or cast Earth magic.
You cannot study or cast Hexes magic.
You take slightly more damage. (AC -5)
Your casting is slightly disrupted.
You cannot voluntarily change form.
You can wield a second weapon in your off-hand.
It takes a long time for you to wield or remove held weapons.
Your first few attacks do less damage.
You cannot equip rings or amulets.
You are agile. (Dex +4, Str/Int -1)
Your muscles are strong. (Str +4, Int/Dex -1)


Message History

You feel sick.
You are no longer poisoned.
An Orb Guardian comes into view.
You rampage towards the Orb Guardian!
You slice the Orb Guardian with your +6 double sword of holy wrath!!
The Orb Guardian is moderately wounded.
You slice the Orb Guardian with your +7 demon blade of electrocution!!
You slice the Orb Guardian like a ripe choko with your +6 double sword of holy wrath!!!
The Orb Guardian is almost dead.
You slash the Orb Guardian with your +7 demon blade of electrocution!
Lightning courses through the Orb Guardian!!
You kill the Orb Guardian!
You feel your strength returning.
No target in view!
(D) Dungeon (T) Temple (L) Lair (A) Shoals (N) Spider Nest (M) Slime Pits (O) Orcish Mines (E) Elven Halls (V) Vaults (C) Crypt (W) Tomb (U) Depths (H) Hell (Z) Zot
Where to? (Tab/Enter - D:1 @ (x,y), ? - help) HP restored.
There is a stone staircase leading up here.
You climb upwards.
There is a stone staircase leading down here.
There is a stone staircase leading up here.
You climb upwards.
There is a stone staircase leading down here.
There is a stone staircase leading up here.
You climb upwards.
There is a stone staircase leading down here.
There is an open door here.
There is an open door here.
There is a stone staircase leading up here.
You climb upwards.
There is a stone staircase leading down here.
You see here a +0 spear.
There is an escape hatch in the floor here.
You see here a +0 whip.
There is a fountain of clear blue water here.
There is a staircase leading out of the dungeon here.
You have escaped!

.....#
#...#..#≈≈≈#).#
..####
###.#..#≈≈≈#..#
..#
####.#..#≈S≈#.÷#
..#
#....#..#####..#
..#
#.####.........#
..#####.#
#...⌠.⌠...#
........#
#.ß.....ß.#
.########
#.........# ##
#....@....#
#.........#
#.ß.....ß.#
#.........#
#...⌠.⌠...#
#.........#
###########


You could see an electric eel.

Vanquished Creatures
  7 ancient liches
  Frederick (Crypt:1)
  2 dread liches
  4 orbs of fire
  3 juggernauts
  A pandemonium lord (Depths:4)
  12 Killer Klowns
  Bai Suzhen (Crypt:2)
  Parghit (Zot:3)
  4 curse toes
  Margery (Depths:1)
  Jory (Crypt:3)
  11 golden dragons
  A Brimstone Fiend (Zot:5)
  A hellephant (Depths:1)
  Mlioglotl (Shoals:1)
  Jorgrun (D:12)
  2 electric golems (Zot:5)
  21 tentacled monstrosities
  5 liches
  25 Orb Guardians
  2 deep elf blademasters
  6 titans
  5 quicksilver dragons
  2 deep elf master archers (Elf:3)
  9 sphinxes
  4 ancient champions
  Gastronok (Lair:2)
  Kirke (D:12)
  A tentacled starspawn (WizLab)
  10 death cobs
  14 storm dragons
  14 shadow dragons
  6 tengu reavers
  Agnes (Elf:2)
  7 draconian monks
  Donald (Vaults:1)
  10 frost giants
  2 daevas (Depths:1)
  A fenstrider witch (Shoals:1)
  7 protean progenitors
  8 fire giants
  7 draconian knights
  2 iron dragons
  16 vault wardens
  8 draconian shifters
  5 emperor scorpions
  8 deep elf sorcerers
  10 draconian scorchers
  4 curse skulls
  7 ghost moths
  2 orc warlords
  4 ghouls
  4 angels (Depths:1)
  A juggernaut zombie (Crypt:3)
  A caustic shrike zombie (Crypt:2)
  6 draconian stormcallers
  A spriggan defender (Depths:3)
  A broodmother (Spider:3)
  4 deep elf elementalists
  8 draconian annihilators
  A cacodemon (WizLab)
  2 formless jellyfish
  17 ironbound preservers
  22 very ugly things
  13 stone giants
  12 green draconians
  12 ironbound thunderhulks
  6 deep elf death magi
  5 deep elf demonologists
  10 yellow draconians
  13 vampire knights
  11 purple draconians
  8 deep elf annihilators
  4 war gargoyles
  2 minotaurs
  24 red draconians
  16 spark wasps
  Azrael (Spider:2)
  2 lorocyprocas (Depths:2)
  9 black draconians
  5 dire elephants
  17 white draconians
  Snorg (D:13)
  7 eidola
  A green death (Zot:1)
  14 jiangshi
  5 ettins
  A blizzard demon (WizLab)
  3 merfolk javelineers
  17 yaktaur captains
  8 fire dragons
  Harold (Lair:1)
  Josephine (D:11)
  A fenstrider witch zombie (Crypt:1)
  An entropy weaver (shapeshifter) (Elf:1)
  4 deep elf high priests
  5 entropy weavers
  4 rakshasas
  A sphinx zombie (D:15)
  Erolcha (D:9)
  37 vault guards
  A great orb of eyes (Vaults:4)
  5 hydras
  2 peacekeepers (Vaults:3)
  A catoblepas (Lair:5)
  An anaconda (Lair:2)
  2 spriggan air magi
  A merfolk aquamancer (Shoals:2)
  2 ice dragons
  8 centaur warriors
  10 ironbound frosthearts
  A salamander tyrant (Elf:2)
  6 jorogumos
  An alligator (Lair:2)
  2 merfolk avatars
  13 boulder beetles
  A death knight (Crypt:2)
  An azure jelly zombie (Crypt:2)
  34 dancing weapons
  5 deep troll shamans
  2 two-headed ogres (shapeshifter)
  6 two-headed ogres
  A sphinx skeleton (Crypt:1)
  An alligator snapping turtle (Shoals:3)
  4 radroaches
  10 tengu warriors
  10 deep troll earth magi
  7 satyrs
  5 death yaks (Lair:2)
  2 occultists (Depths:3)
  5 orc high priests
  5 spriggan berserkers
  6 death scarabs (Spider:4)
  18 demonic crawlers
  11 vampire magi
  3 storm dragon zombies
  2 shock serpents (shapeshifter)
  4 hell knights
  14 deep elf knights
  28 skeletal warriors
  3 wretched stars (Depths:1)
  2 fire crabs (Lair:2)
  2 skysharks
  14 iron trolls
  9 pharaoh ants
  A sixfirhy (Depths:2)
  11 orb spiders
  16 deep elf archers
  3 death drakes
  5 shadow wraiths
  A mana viper (WizLab)
  A sea snake (shapeshifter) (Elf:1)
  44 deep trolls
  2 mana vipers (shapeshifter)
  4 sea snakes
  8 flayed ghosts
  A deep troll (shapeshifter) (Depths:2)
  3 golden dragon zombies (Crypt:3)
  A bog body (Crypt:2)
  9 arcanists
  4 glowing orange brains
  A sun moth (Spider:3)
  A sun moth (shapeshifter) (WizLab)
  A shadow dragon zombie (Crypt:2)
  Pikel (D:4)
  A spriggan simulacrum (Crypt:2)
  An obsidian bat (Orc:2)
  3 lindwurms (Vaults:2)
  11 necromancers
  13 ironbound convokers
  2 shadow demons
  4 orc knights
  27 deep elf zephyrmancers
  9 thermic dynamos
  9 harpies
  9 steelbarb worms
  27 deep elf pyromancers
  14 wolf spiders
  An iron dragon zombie (Crypt:3)
  An iron giant skeleton (Crypt:2)
  16 phantasmal warriors
  A spectral wolf spider (Spider:4)
  An alligator zombie (Crypt:1)
  A faun (shapeshifter) (Vaults:5)
  59 ugly things
  2 wolf spider zombies
  7 orc sorcerers
  20 manticores
  32 moths of wrath
  2 elephants (D:10)
  13 fauns
  2 merfolk sirens (Shoals:4)
  An alligator skeleton (WizLab)
  A stone giant skeleton (Vaults:1)
  2 dire elephant zombies
  A worldbinder (WizLab)
  2 centaur zombies (Crypt:3)
  7 cyclopes
  2 meliai (shapeshifter)
  A kobold blastminer (Orc:2)
  2 apocalypse crabs
  An ice statue (IceCv)
  A frost giant skeleton (Crypt:2)
  6 torpor snails
  16 cane toads
  6 water nymphs
  4 black mambas
  A torpor snail (shapeshifter) (WizLab)
  A smoke demon (Depths:2)
  5 gargoyles
  A naga skeleton (Crypt:3)
  23 vault sentinels
  A shock serpent skeleton (Crypt:3)
  A centaur skeleton (Crypt:2)
  A catoblepas zombie (Crypt:2)
  A grey draconian zombie (Crypt:3)
  An unseen horror (shapeshifter) (D:13)
  3 spectral redbacks (Spider:4)
  11 freezing wraiths
  3 komodo dragons
  31 yaktaurs
  Jeremiah (D:7)
  3 unseen horrors
  A tormentor (Depths:2)
  3 kobold demonologists
  5 rime drakes
  2 redback zombies (Spider:4)
  An efreet (Zot:4)
  Psyche (D:12)
  A human skeleton (Vaults:1)
  An alligator snapping turtle skeleton (Crypt:2)
  4 tengu conjurers
  A great orb of eyes zombie (Crypt:2)
  A pale draconian skeleton (Crypt:3)
  A harpy zombie (Crypt:3)
  An anaconda simulacrum (IceCv)
  12 ice devils (IceCv)
  A red draconian skeleton (Crypt:3)
  A queen bee (D:10)
  10 trolls
  14 merfolk
  A troll (shapeshifter) (D:14)
  A red devil (Zot:2)
  A green draconian skeleton (Crypt:3)
  A spectral culicivora (Spider:4)
  3 polar bears (Lair:5)
  4 wind drakes
  21 jumping spiders
  2 merfolk (shapeshifter) (Elf:1)
  A wind drake (shapeshifter) (Elf:3)
  3 spectral tarantellas (Spider:4)
  13 tarantellas
  8 hornets
  A hellwing (Depths:4)
  A raiju (Spider:1)
  A stone giant simulacrum (Crypt:3)
  7 dream sheep
  A harpy skeleton (Crypt:1)
  7 snapping turtles
  A jumping spider zombie (Spider:4)
  16 blink frogs
  2 spectral jumping spiders (Spider:4)
  A moth of wrath zombie (Crypt:2)
  41 slime creatures
  A spriggan zombie (D:15)
  2 air elementals
  A centaur simulacrum (D:14)
  A shadow (D:8)
  24 vampires (Crypt:3)
  14 culicivoras
  12 spriggans
  54 yaks
  2 hogs (D:12)
  33 fire elementals
  12 wraiths
  2 dire elephant simulacra (IceCv)
  2 steam dragons
  5 wyverns
  6 basilisks
  10 water elementals
  3 humans (D:12)
  3 wargs
  36 redbacks
  A neqoxec (Depths:4)
  A death yak simulacrum (IceCv)
  A naga zombie (Crypt:3)
  A two-headed ogre zombie (Crypt:3)
  11 vampire mosquitoes
  Menkaure (D:7)
  A human zombie (Vaults:1)
  2 harpy simulacra (IceCv)
  An acid dragon (shapeshifter) (Elf:1)
  2 hell hounds (Spider:2)
  5 acid dragons
  Duvessa (D:7)
  19 water moccasins
  A glowing shapeshifter skeleton (Crypt:1)
  A fire bat skeleton (Crypt:3)
  2 sky beasts
  3 ice beasts
  8 black bears
  16 laughing skulls (Crypt:2)
  29 orc warriors
  27 wolves
  8 boggarts
  8 ogres
  12 centaurs
  A crocodile (D:8)
  2 kobold brigands
  3 lemures (D:4)
  2 earth elementals
  19 bullfrogs
  2 gnoll sergeants
  4 cane toad simulacra (IceCv)
  5 scorpions
  6 wights
  Dowan (D:7)
  A queen bee zombie (Crypt:1)
  4 elephant simulacra (IceCv)
  33 killer bees
  5 electric eels
  A wolf zombie (Crypt:3)
  4 howler monkeys
  10 orc priests
  3 hounds
  3 bombardier beetles
  5 jellies
  A gnoll bouda (D:5)
  2 sleepcaps
  An iguana (D:5)
  7 polar bear simulacra (IceCv)
  4 hell rats (Lair:4)
  11 orc wizards
  Terence (D:2)
  4 wolf simulacra (IceCv)
  10 adders
  23 gnolls
  A swamp drake skeleton (Crypt:1)
  2 shadow imps (D:7)
  A steam dragon skeleton (Crypt:2)
  6 white imps
  4 ufetubi
  A dart slug (D:1)
  2 ribbon worms (D:2)
  47 orcs
  8 ball pythons
  4 bats
  3 endoplasms
  6 giant cockroaches
  7 hobgoblins
  3 quokkas
  A ball python skeleton (Crypt:2)
  3 frilled lizards
  4 goblins
  A jackal zombie (Crypt:2)
  22 kobolds
  9 rats
  An aspiring flesh (Zot:3)
2358 creatures vanquished.

Vanquished Creatures (others)
  An Orb Guardian (Zot:5)
  A deep elf blademaster (Elf:3)
  A draconian knight (Zot:1)
  A draconian shifter (Zot:1)
  A ghost moth (Zot:4)
  An angel (Depths:1)
  A black draconian (Zot:1)
  2 green draconians
  3 spark wasps
  2 ogre magi
  A two-headed ogre (D:13)
  A tengu warrior (Depths:1)
  2 skysharks
  A deep elf knight (Elf:1)
  2 deep trolls
  A deep elf zephyrmancer (Elf:3)
  2 wolf spiders (Spider:4)
  A yaktaur (Vaults:3)
  A merfolk (Shoals:4)
  A culicivora (Spider:4)
  A fire elemental (Zot:4)
  A redback (Spider:4)
  An orc (Orc:1)
  269 foxfires
299 creatures vanquished.

Grand Total: 2657 creatures vanquished

Notes
Turn   | Place    | Note
-------+----------+-------------------------------------------
     0 | D:1      | NormalPerson7 the Coglin Wanderer began the quest for the
                  | Orb.
     0 | D:1      | NormalPerson7 set off with the following items: a +0 spear
                  | {Constanze}, a wand of polymorph (5), a +0 dagger {Milos},
                  | a +0 robe, a scroll of fear; and the following spell
                  | memorised: Foxfire; and the following spells available to
                  | memorise: Inner Flame, Sticky Flame.
     0 | D:1      | Reached XP level 1. HP: 13/13 MP: 2/2
    10 | D:1      | Noticed an electric eel
   148 | D:1      | Reached skill level 1 in Fighting
   278 | D:1      | Reached XP level 2. HP: 21/21 MP: 1/3
   345 | D:1      | Reached skill level 2 in Fighting
   764 | D:2      | Reached XP level 3. HP: 27/27 MP: 0/4
   895 | D:2      | Noticed Terence
  1365 | D:2      | Reached XP level 4. HP: 21/33 MP: 3/5
  2656 | D:2      | Reached XP level 5. HP: 38/38 MP: 6/6
  3400 | D:2      | Killed Terence
  4184 | D:3      | Reached skill level 3 in Fighting
  4279 | D:3      | Found Zafee's Jewellery Shop.
  4430 | D:3      | Reached XP level 6. HP: 29/47 MP: 7/7
  4505 | D:4      | Noticed a black bear
  4709 | D:4      | Reached skill level 1 in Conjurations
  4777 | D:4      | Killed a black bear
  4978 | D:4      | Reached skill level 4 in Fighting
  4978 | D:4      | Reached skill level 1 in Dodging
  5033 | D:4      | Noticed a steam dragon
  5070 | D:5      | Entered Level 5 of the Dungeon
  5081 | D:5      | Reached XP level 7. HP: 48/54 MP: 8/8
  5108 | D:5      | Found a stormy altar of Qazlal.
  5120 | D:5      | Reached skill level 1 in Short Blades
  5122 | D:5      | HP: 10/54 [poisoned by a water moccasin]
  5127 | D:5      | HP: 9/54 [poisoned by a water moccasin]
  5284 | D:5      | Found a sacrificial altar of Ru.
  5290 | D:5      | Became a worshipper of Ru the Awakened
  5395 | D:5      | Found a blossoming altar of Fedhas.
  5461 | D:4      | Noticed Pikel
  5682 | D:5      | Found a snail-covered altar of Cheibriados.
  5852 | D:5      | Found a hazy altar of Hepliaklqana.
  6230 | D:6      | Noticed a wyvern
  6246 | D:5      | Reached XP level 8. HP: 54/61 MP: 9/9
  6315 | D:6      | Reached skill level 5 in Fighting
  6367 | D:6      | Learned a level 2 spell: Blink
  6376 | D:6      | Noticed an angel
  6377 | D:6      | Found a glowing silver altar of Zin.
  6492 | D:6      | Reached skill level 1 in Translocations
  6850 | D:6      | Killed a wyvern
  6925 | D:6      | Reached skill level 1 in Summonings
  7062 | D:6      | Found Ezirig's General Store.
  7092 | D:6      | Bought a +1 hat of willpower for 224 gold pieces
  7154 | D:6      | Found Emis Ade's Assorted Antiques.
  7184 | D:6      | Learned a level 2 spell: Call Imp
  7218 | D:6      | Gained mutation: You occasionally lose the ability to read
                  | scrolls when taking damage. [Ru sacrifice]
  7218 | D:6      | Gained mutation: You sometimes lose the ability to read
                  | scrolls when taking damage. [Ru sacrifice]
  7218 | D:6      | Reached * piety under Ru
  7275 | D:6      | Reached XP level 9. HP: 46/68 MP: 13/13
  7927 | D:7      | Noticed Dowan
  8048 | D:7      | Reached skill level 5 in Long Blades
  8103 | D:7      | Noticed Menkaure
  8117 | D:7      | Killed Menkaure
  8275 | D:7      | Found Pooklo's Weapon Boutique.
  9328 | D:4      | Reached skill level 1 in Alchemy
  9818 | D:4      | Killed Pikel
  9819 | D:4      | Reached skill level 5 in Alchemy
  9819 | D:4      | Reached XP level 10. HP: 59/74 MP: 14/14
 10235 | D:8      | Noticed Maurice
 10236 | D:8      | Maurice changed into Maurice the crocodile
 10236 | D:8      | Noticed Maurice
 10248 | D:8      | Killed Maurice the crocodile
 10770 | D:8      | Identified the +6 chain mail of Daisies {rC+ Slay+3}
 11058 | D:9      | Noticed a two-headed ogre
 11187 | D:9      | Noticed a kobold demonologist
 11188 | D:9      | Noticed an orange demon
 11370 | D:8      | Reached skill level 6 in Fighting
 12086 | D:8      | Killed a kobold demonologist
 12087 | D:8      | Reached skill level 7 in Fighting
 12236 | D:9      | Gained mutation: You are hated by all. [Ru sacrifice]
 12236 | D:9      | Reached ** piety under Ru
 12236 | D:9      | Reached *** piety under Ru
 12718 | D:9      | Killed a two-headed ogre
 12719 | D:9      | Reached XP level 11. HP: 22/84 MP: 15/15
 13365 | D:9      | Noticed Erolcha
 13373 | D:9      | Killed Erolcha
 13620 | D:7      | Noticed Duvessa
 13728 | D:7      | Killed Duvessa
 13734 | D:7      | Killed Dowan
 13863 | D:7      | Found a staircase to the Ecumenical Temple.
 13866 | D:7      | Noticed Jeremiah
 14185 | D:7      | Killed Jeremiah
 14186 | D:7      | Reached skill level 5 in Armour
 14881 | D:10     | Entered Level 10 of the Dungeon
 15047 | D:10     | Reached skill level 8 in Fighting
 15296 | D:10     | Reached skill level 9 in Fighting
 15398 | D:10     | Found a staircase to the Lair.
 15796 | D:10     | Identified 2 scrolls of acquirement
 15796 | D:10     | Acquired 1218 gold pieces
 15910 | D:6      | Bought a scroll of identify for 48 gold pieces
 15910 | D:6      | Bought a bubbling white potion for 21 gold pieces
 15910 | D:6      | Bought a potion of curing for 72 gold pieces
 15943 | D:6      | Acquired a +5 scimitar of protection
 16080 | Lair:1   | Entered Level 1 of the Lair of Beasts
 16120 | Lair:1   | Reached skill level 10 in Fighting
 16151 | Lair:1   | Found a gate leading to a gauntlet.
 16158 | Gauntlet | Entered a Gauntlet
 16158 | Gauntlet | Noticed a moth of wrath
 16158 | Gauntlet | Noticed an entropy weaver
 16158 | Gauntlet | Found a transporter.
 16158 | Gauntlet | Found a transporter.
 16162 | Gauntlet | Found a transporter.
 16165 | Gauntlet | Found a transporter.
 16165 | Gauntlet | Found a transporter.
 16165 | Gauntlet | Found the +1 cloak of Starlight {*Dazzle EV+4 Stlth--}
 16167 | Gauntlet | Found a large runed translucent door.
 16168 | Gauntlet | Found a large runed translucent door.
 16169 | Gauntlet | Found a large runed translucent door.
 16169 | Gauntlet | Found a large runed translucent door.
 16169 | Gauntlet | Found a runed translucent door.
 16170 | Gauntlet | Found a large runed translucent door.
 16171 | Gauntlet | Found a large runed translucent door.
 16172 | Gauntlet | Found a large runed translucent door.
 16172 | Gauntlet | Found a large runed translucent door.
 16173 | Gauntlet | Found a runed translucent gate.
 16173 | Gauntlet | Noticed a death scarab
 16177 | Gauntlet | Found a transporter.
 16180 | Gauntlet | Noticed a spectral catoblepas
 16241 | Gauntlet | Found a transporter.
 16253 | Gauntlet | Found a transporter.
 16267 | Gauntlet | Found a transporter.
 16274 | Gauntlet | Noticed a sixfirhy
 16277 | Gauntlet | Found a transporter.
 16292 | Gauntlet | Found a transporter.
 16294 | Gauntlet | Found a large runed translucent door.
 16295 | Gauntlet | Found a large runed translucent door.
 16296 | Gauntlet | Found a large runed translucent door.
 16296 | Gauntlet | Found a large runed translucent door.
 16297 | Gauntlet | Found a runed translucent gate.
 16298 | Gauntlet | Found a transporter.
 16298 | Gauntlet | Found a runed translucent gate.
 16311 | Gauntlet | Found a runed translucent door.
 16322 | Gauntlet | Found a large runed translucent door.
 16322 | Gauntlet | Found a large runed translucent door.
 16323 | Gauntlet | Found a large runed translucent door.
 16324 | Gauntlet | Found a large runed translucent door.
 16334 | Gauntlet | Gained mutation: You cannot study or cast Earth magic. [Ru
                  | sacrifice]
 16334 | Gauntlet | Gained mutation: You cannot study or cast Hexes magic. [Ru
                  | sacrifice]
 16334 | Gauntlet | Gained mutation: You cannot study or cast Conjurations
                  | magic. [Ru sacrifice]
 16334 | Gauntlet | Reached **** piety under Ru
 16498 | Gauntlet | Killed an entropy weaver
 16499 | Gauntlet | Reached skill level 10 in Long Blades
 16499 | Gauntlet | Reached XP level 12. HP: 97/97 MP: 16/16
 16573 | Gauntlet | Noticed a minotaur
 16600 | Gauntlet | Killed a minotaur
 16813 | Lair:1   | Noticed Harold
 16836 | Lair:1   | Killed Harold
 17999 | Lair:2   | Noticed a death yak
 18031 | Lair:2   | Killed a death yak
 18036 | Lair:2   | Reached XP level 13. HP: 103/103 MP: 17/17
 18180 | Lair:2   | Found a staircase to the Shoals.
 18245 | Lair:2   | Found a hole to the Spider Nest.
 18369 | Lair:2   | Identified the +2 ring mail of Ziakotok {rElec rN+ Will+
                  | Stlth-}
 18402 | Lair:2   | Noticed Gastronok
 18435 | Lair:2   | Killed Gastronok
 19716 | Lair:3   | Identified the +8 falchion "Zoti" {vamp, rN+ Int+6 Dex-3}
 19828 | Lair:3   | Reached skill level 11 in Fighting
 20123 | Lair:4   | Identified the +0 helmet of Sloth {Stlth+}
 20321 | Lair:4   | Identified the +8 scale mail of the Saviour {rPois Str+3
                  | Slay+5 Stlth+}
 21031 | Lair:5   | Entered Level 5 of the Lair of Beasts
 21036 | Lair:5   | Reached skill level 12 in Fighting
 21060 | Lair:5   | Found a staircase to the Slime Pits.
 21150 | Lair:5   | Reached XP level 14. HP: 115/115 MP: 18/18
 21150 | Lair:5   | Gained mutation: You cannot voluntarily change form. [Ru
                  | sacrifice]
 21179 | Lair:5   | Found a frozen archway.
 21223 | IceCv    | Entered an ice cave
 21389 | IceCv    | Reached skill level 5 in Translocations
 21663 | IceCv    | Found an ancient bone altar of Kikubaaqudgha.
 22137 | IceCv    | Reached skill level 13 in Fighting
 22409 | IceCv    | Got the Vellum of Postmortem Frost
 22872 | Lair:5   | Reached skill level 14 in Fighting
 22995 | Lair:5   | Learned a level 2 spell: Lesser Beckoning
 23040 | Lair:5   | Reached skill level 1 in Air Magic
 23958 | D:11     | Reached skill level 5 in Air Magic
 23972 | D:11     | Reached XP level 15. HP: 122/126 MP: 19/19
 24012 | D:11     | Learned a level 4 spell: Vhi's Electric Charge
 24013 | D:11     | Gained mutation: You take slightly more damage. (AC -5) [Ru
                  | sacrifice]
 24013 | D:11     | Reached ***** piety under Ru
 24153 | D:11     | Found a broken altar of Ashenzari.
 24426 | D:11     | Identified the +1 sling of Reinforcement {heavy, rCorr
                  | Str+4}
 24642 | D:11     | Noticed Josephine
 24659 | D:11     | Killed Josephine
 25342 | D:12     | Noticed Jorgrun
 25362 | D:12     | Killed Jorgrun
 25667 | D:12     | Noticed Sonja
 25670 | D:12     | Sonja changed into Sonja the killer bee
 25670 | D:12     | Noticed Sonja
 25671 | D:12     | Killed Sonja the killer bee
 25725 | D:12     | Noticed Psyche
 25726 | D:12     | Killed Psyche
 25926 | D:12     | Found a staircase to the Orcish Mines.
 26069 | D:12     | Noticed Kirke
 26091 | D:12     | Killed Kirke
 26092 | D:12     | Reached skill level 5 in Spellcasting
 26425 | D:13     | Found a runed translucent gate.
 26426 | D:13     | Found a runed translucent gate.
 26426 | D:13     | Found a runed translucent gate.
 26426 | D:13     | Noticed an acid blob
 26427 | D:13     | Noticed an acid blob
 26427 | D:13     | Noticed an azure jelly
 26427 | D:13     | Noticed an acid blob
 26427 | D:13     | Noticed an acid blob
 26427 | D:13     | Noticed Gargoyl's ghost (journeyman GrBe)
 26427 | D:13     | Noticed an azure jelly
 26444 | D:13     | Noticed an azure jelly
 26580 | D:13     | Noticed Snorg
 26588 | D:13     | Killed Snorg
 26663 | D:13     | Gained mutation: Your casting is slightly disrupted. [Ru
                  | sacrifice]
 26663 | D:13     | Reached ****** piety under Ru
 26822 | D:13     | Found a gate to the Vaults.
 26844 | D:13     | Identified the amulet "Siloir" {Faith rPois rF+ Int+4}
 27174 | Orc:1    | Entered Level 1 of the Orcish Mines
 27481 | Orc:2    | Entered Level 2 of the Orcish Mines
 27581 | Orc:2    | Noticed an orc warlord
 27591 | Orc:2    | Killed an orc warlord
 27979 | Orc:2    | Reached XP level 16. HP: 129/132 MP: 23/23
 28052 | Orc:2    | Found Vaugis's Jewellery Shoppe.
 28168 | Orc:1    | Learned a level 3 spell: Maxwell's Portable Piledriver
 28220 | Orc:2    | Found a staircase to the Elven Halls.
 28309 | Orc:2    | Found Cobing's Antique Weapon Shop.
 28378 | Orc:2    | Found Jiphuwuz's General Store.
 28482 | Orc:2    | Found Tagoeng's Antique Armour Shop.
 28614 | Orc:2    | Bought a potion of curing for 36 gold pieces
 28614 | Orc:2    | Bought a scroll of identify for 24 gold pieces
 28614 | Orc:2    | Bought a scroll of identify for 24 gold pieces
 28614 | Orc:2    | Bought a potion of heal wounds for 60 gold pieces
 28614 | Orc:2    | Bought a scroll of enchant armour for 90 gold pieces
 28778 | D:13     | Reached skill level 10 in Translocations
 29142 | D:14     | Found a portal to a secret trove of treasure.
 29888 | D:14     | Noticed a sphinx
 29896 | D:14     | Killed a sphinx
 29928 | D:14     | Reached skill level 10 in Armour
 30124 | D:14     | Reached skill level 5 in Dodging
 30141 | D:14     | Identified the +1 leather armour of Qyaghij {Rampage Dex-2
                  | SInv}
 30304 | D:15     | Entered Level 15 of the Dungeon
 30709 | D:15     | Found a radiant altar of Vehumet.
 30738 | D:15     | Found a staircase to the Depths.
 31460 | Spider:1 | Entered Level 1 of the Spider Nest
 31685 | Spider:1 | You fall into a shaft and drop 1 floor!
 31929 | Spider:1 | Reached XP level 17. HP: 129/139 MP: 20/24
 33401 | Spider:2 | Noticed Azrael
 33410 | Spider:2 | Killed Azrael
 33714 | Spider:2 | Reached skill level 15 in Fighting
 34122 | Spider:2 | Reached XP level 18. HP: 149/149 MP: 25/25
 35436 | Spider:4 | Entered Level 4 of the Spider Nest
 36981 | Spider:4 | Reached skill level 10 in Dodging
 37383 | Spider:4 | Reached XP level 19. HP: 155/155 MP: 26/26
 38509 | Spider:4 | Got a gossamer rune of Zot
 38892 | Elf:1    | Entered Level 1 of the Elven Halls
 39714 | Elf:1    | Got the Compilation of Ceration
 39727 | Elf:1    | Got the Compilation of Congelation
 40738 | Elf:2    | Paralysed by an air elemental for 1 turns
 41206 | Elf:2    | Noticed Agnes
 41217 | Elf:2    | Killed Agnes
 41530 | Elf:2    | Found Ixifon's Weapon Emporium.
 41533 | Elf:2    | Bought a throwing net for 33 gold pieces
 41879 | Elf:2    | Found a runed translucent gate.
 41879 | Elf:2    | Found a runed translucent gate.
 41879 | Elf:2    | Found a runed translucent gate.
 42091 | Elf:2    | Reached XP level 20. HP: 145/146 MP: 22/27
 42527 | Elf:2    | Reached skill level 16 in Fighting
 42774 | Elf:2    | Reached skill level 15 in Armour
 43420 | Shoals:1 | Entered Level 1 of the Shoals
 43470 | Shoals:1 | Found Pasiwib's Antique Armour Emporium.
 43473 | Shoals:1 | Bought a translucent scale mail for 324 gold pieces
 43473 | Shoals:1 | Identified the +0 scale mail "Voyskeymm" {Rampage rPois
                  | rN+} (You bought it in a shop on level 1 of the Shoals)
 43473 | Shoals:1 | Bought a distressingly furry scale mail for 324 gold pieces
 43473 | Shoals:1 | Identified the +8 scale mail "Opiaryl" {rElec rCorr Str-5
                  | Int+3} (You bought it in a shop on level 1 of the Shoals)
 43571 | Shoals:1 | Noticed Mlioglotl
 43579 | Shoals:1 | Killed Mlioglotl
 43882 | Shoals:1 | Identified the +1 leather armour of Ijouv {rF+ Dex+2}
 43892 | Shoals:1 | Noticed Roxanne
 44977 | Shoals:2 | Reached skill level 17 in Fighting
 45292 | Shoals:3 | Reached skill level 1 in Necromancy
 45314 | Shoals:3 | Upgraded the game from 0.32-a0-932-g546787307d to
                  | 0.32-a0-938-g40ac7a0f4d
 46095 | Shoals:3 | Learned a level 1 spell: Apportation
 46152 | Shoals:3 | Found the +7 Kryia's mail coat {PotionHeal*2 rC+}
 46434 | Shoals:4 | Entered Level 4 of the Shoals
 46661 | Shoals:4 | Reached skill level 5 in Necromancy
 46906 | Shoals:4 | Learned a level 3 spell: Fugue of the Fallen
 47180 | Shoals:4 | Got a barnacled rune of Zot
 47592 | Shoals:4 | Paralysed by a sphinx for 3 turns
 47770 | Shoals:4 | Acquired an actuated turbine {RevParry, rElec Will+}
 48488 | Elf:3    | Entered Level 3 of the Elven Halls
 49293 | Elf:3    | Reached XP level 21. HP: 176/176 MP: 25/30
 49433 | Elf:3    | Reached skill level 18 in Fighting
 49609 | Elf:3    | Identified the +5 flail "Qiaxt" {venom, Int+3}
 49609 | Elf:3    | Identified the +7 quarterstaff "Kienn" {antimagic, rPois
                  | rN+ Will- Int+3}
 50145 | Elf:3    | Identified the ring "Yrong" {rF+ rN+ Str+6 Dex-3 Stlth+}
 50304 | Elf:3    | Identified the staff "Onad" {rF+ rC+ Str+2 Int-5 Dex+3 Ice}
 50376 | Elf:3    | Identified the staff of the Soothsayer {rPois Will+ Dex+2
                  | Ice Alchemy}
 50386 | Elf:3    | Identified the -1 cloak of Decompression {-Cast Harm rCorr
                  | Str-2}
 50388 | Elf:3    | Identified the +0 ring mail of Moebujut {Dex+2 Stlth+}
 50393 | Elf:3    | Identified the +2 hand axe of the Valley of Death {flame,
                  | +Blink rN+ Str-3}
 50648 | Vaults:1 | Entered Level 1 of the Vaults
 50821 | Vaults:1 | Noticed Donald
 50832 | Vaults:1 | Killed Donald
 50966 | Vaults:1 | Learned a level 4 spell: Dispel Undead
 51060 | Vaults:1 | Noticed an ancient lich
 51083 | Vaults:1 | Killed an ancient lich
 51244 | Vaults:1 | Identified the ring "Fitajak" {Int+3 Dex+6}
 51260 | Vaults:1 | Identified the ring "Saung" {Will+ Str+6 SInv}
 52242 | Vaults:2 | Reached skill level 15 in Dodging
 52483 | Vaults:2 | Learned a level 4 spell: Passage of Golubria
 52565 | Vaults:2 | Reached skill level 10 in Necromancy
 52567 | Vaults:2 | Reached XP level 22. HP: 141/179 MP: 11/31
 52654 | Vaults:2 | Found a staircase to the Crypt.
 54273 | Vaults:3 | Reached skill level 19 in Fighting
 55937 | Vaults:4 | Reached skill level 20 in Fighting
 56880 | Depths:1 | Entered Level 1 of the Depths
 56880 | Depths:1 | Found a one-way gate leading to the halls of Pandemonium.
 57148 | Depths:1 | Noticed Margery
 57163 | Depths:1 | Killed Margery
 57379 | D:15     | Reached XP level 23. HP: 178/179 MP: 30/32
 57518 | Depths:1 | Identified the +5 ring mail "Geasmua" {rC+}
 57558 | Depths:1 | Found a gateway to Hell.
 57636 | Depths:1 | Acquired a +3 double sword of holy wrath
 57735 | Depths:1 | Found a hide-covered altar of Uskayaw.
 57779 | Depths:1 | Found a one-way gateway to a ziggurat.
 58616 | Depths:1 | Identified the +0 cloak of the Twenty Heavens {Regen+ SInv
                  | Stlth+}
 59448 | Depths:2 | Found Valet's One-of-a-Kind Books.
 59866 | Depths:2 | Found a corrupted altar of Lugonu.
 59867 | Depths:2 | Found a one-way gate to the infinite horrors of the Abyss.
 59885 | Depths:2 | Found a burning altar of Makhleb.
 60275 | Depths:2 | Noticed a juggernaut
 60286 | Depths:2 | Killed a juggernaut
 60294 | Depths:2 | Noticed a golden dragon
 60315 | Depths:2 | Killed a golden dragon
 60316 | Depths:2 | Reached skill level 15 in Long Blades
 60521 | Depths:2 | Found the +0 pair of gloves of the gadgeteer {Gadgeteer
                  | Wandboost ^Fragile}
 60526 | Depths:2 | Identified the ring "Ofiham" {*Corrode +Blink rElec Int+2
                  | Dex+6}
 60529 | Depths:2 | Identified the +2 ring mail of Ylatsaga {rPois rN+}
 62802 | Depths:3 | Noticed a juggernaut
 62814 | Depths:3 | Killed a juggernaut
 62815 | Depths:3 | Reached skill level 21 in Fighting
 62824 | Depths:3 | Reached XP level 24. HP: 154/206 MP: 26/32
 63396 | Depths:3 | Identified the +3 eveningstar "Addual" {venom, ^Drain rElec
                  | rN++ Stlth+}
 63598 | Depths:4 | Entered Level 4 of the Depths
 64001 | Depths:4 | Reached skill level 22 in Fighting
 64152 | Depths:4 | Noticed a juggernaut
 64163 | Depths:4 | Reached skill level 10 in Air Magic
 64172 | Depths:4 | Killed a juggernaut
 64415 | Depths:4 | Learned a level 3 spell: Swiftness
 64547 | Depths:4 | Found a gate to the Realm of Zot.
 64876 | Depths:4 | Found a shimmering altar of Xom.
 65502 | Vaults:5 | Entered Level 5 of the Vaults
 65897 | Vaults:5 | Noticed an ancient lich
 66017 | Vaults:4 | Killed an ancient lich
 67119 | Vaults:4 | Reached XP level 25. HP: 203/215 MP: 32/32
 67150 | Vaults:5 | Noticed a dread lich
 67658 | Vaults:4 | Killed a dread lich
 68396 | Vaults:5 | Identified the ring "Locemyxke" {rElec rC- MP+9 Str+2
                  | Stlth+}
 68460 | Vaults:5 | Got a silver rune of Zot
 68619 | Vaults:5 | Reached skill level 23 in Fighting
 68875 | Vaults:5 | Identified the ring "Rearch" {rF+++ rC+ rN+ Stlth+}
 68876 | Vaults:5 | Identified the -1 pair of boots of the Eight Boll Weevils
                  | {rF- rC- Regen+ Stlth+}
 68884 | Vaults:5 | Identified the +4 mace of the Stopping Seer {venom, rF+}
 68892 | Vaults:5 | Identified the +4 scale mail "Cigg" {MP-9 Str+5}
 69225 | Vaults:5 | Identified the staff of Mutilation {+Blink Fly rN+ Stlth+
                  | Necro Earth}
 69382 | Vaults:5 | Identified the +0 plate armour of Negation {rC++}
 69700 | Crypt:1  | Entered Level 1 of the Crypt
 69722 | Crypt:1  | Found an ancient bone altar of Kikubaaqudgha.
 70135 | Crypt:1  | Identified the +2 robe "Xeisutew" {Fly rN+ Int+4}
 70140 | Crypt:1  | Identified the orb "Yriadas" {*channel, rC- Regen+ Dex+2}
 70140 | Crypt:1  | Noticed Frederick
 70153 | Crypt:1  | Killed Frederick
 71206 | Crypt:2  | Found a magical portal.
 71281 | Crypt:2  | Noticed Bai Suzhen
 71291 | Crypt:2  | Killed Bai Suzhen
 71393 | WizLab   | Entered The Roulette of Golubria
 71393 | WizLab   | Found a transporter.
 71450 | WizLab   | Found the +2 ratskin cloak {*Rats rPois rN+ Str-1 Int-1
                  | Dex+1}
 71450 | WizLab   | Found a corrupted altar of Lugonu.
 71513 | WizLab   | Found a transporter.
 71514 | WizLab   | Found a transporter.
 71684 | WizLab   | Found a transporter.
 71700 | WizLab   | Found a transporter.
 71864 | WizLab   | Found a corrupted altar of Lugonu.
 71985 | WizLab   | Found a transporter.
 72073 | WizLab   | Found a transporter.
 72073 | WizLab   | Found a transporter.
 72123 | WizLab   | Found a transporter.
 72139 | WizLab   | Found a transporter.
 72154 | WizLab   | Found a transporter.
 72154 | WizLab   | Found a transporter.
 72207 | Crypt:2  | Reached skill level 10 in Evocations
 73225 | Crypt:3  | Entered Level 3 of the Crypt
 73233 | Crypt:3  | Found a staircase to the Tomb.
 73268 | Crypt:3  | Reached XP level 26. HP: 186/226 MP: 32/32
 73365 | Crypt:3  | Reached skill level 15 in Evocations
 74999 | Crypt:3  | Got the Discursus on the Decalescent Sphinx
 75384 | Crypt:3  | Noticed Jory
 75502 | Crypt:3  | Killed Jory
 75633 | Crypt:3  | Identified the +7 rapier of Articulation {venom, *Rage Fly
                  | Str+6}
 76082 | Zot:1    | Entered Level 1 of the Realm of Zot
 76157 | Zot:1    | Noticed an orb of fire
 76163 | Zot:1    | Killed an orb of fire
 76733 | Zot:1    | You fall into a shaft and drop 1 floor!
 77761 | Zot:1    | Noticed an orb of fire
 78538 | Zot:1    | Gained mutation: Your health recovers twice as slowly from
                  | being drained. [an orb of fire]
 78547 | Zot:1    | Killed an orb of fire
 78589 | Zot:1    | Lost mutation: Your health recovers twice as slowly from
                  | being drained. [potion of mutation]
 78589 | Zot:1    | Gained mutation: You possess an exceptional clarity of
                  | mind. [potion of mutation]
 78589 | Zot:1    | Gained mutation: Potions are less effective at restoring
                  | your health. [potion of mutation]
 78590 | Zot:1    | Lost mutation: Potions are less effective at restoring your
                  | health. [potion of mutation]
 78590 | Zot:1    | Lost mutation: You possess an exceptional clarity of mind.
                  | [potion of mutation]
 78590 | Zot:1    | Gained mutation: You have an increased reservoir of magic.
                  | (+10% MP) [potion of mutation]
 78590 | Zot:1    | Gained mutation: You are partially covered in iridescent
                  | scales. (AC +2) [potion of mutation]
 78590 | Zot:1    | Gained mutation: You are dopey. (Int -2) [potion of
                  | mutation]
 78590 | Zot:1    | Gained mutation: You are robust. (+10% HP) [potion of
                  | mutation]
 79609 | Zot:3    | Reached XP level 27. HP: 248/258 MP: 35/35
 79927 | Zot:3    | Found a runed translucent door.
 79927 | Zot:3    | Noticed Jetoguma's ghost (legendary HuBe)
 79983 | Zot:3    | Identified the +1 great sword of Nasav {drain, +Blink rPois
                  | rN+ Dex+3}
 81212 | Zot:3    | Reached skill level 24 in Fighting
 81467 | Zot:3    | Noticed Parghit
 81687 | Zot:3    | Killed Parghit
 82498 | Zot:3    | Lost mutation: You are dopey. (Int -2) [mutagenic glow]
 82508 | Zot:3    | Noticed an ancient lich
 82509 | Zot:3    | Gained mutation: Your health recovers twice as slowly from
                  | being drained. [mutagenic glow]
 82521 | Zot:3    | Killed an ancient lich
 82522 | Zot:3    | Lost mutation: Your health recovers twice as slowly from
                  | being drained. [potion of mutation]
 82522 | Zot:3    | Lost mutation: You are partially covered in iridescent
                  | scales. (AC +2) [potion of mutation]
 82522 | Zot:3    | Gained mutation: You expend magic power (3 MP) to
                  | strengthen your wands. [potion of mutation]
 82569 | Zot:3    | Identified the +1 scale mail of Pisum {rElec rPois rCorr
                  | Dex-3}
 82824 | Zot:4    | Reached skill level 25 in Fighting
 84359 | Zot:4    | Identified the +0 pair of gloves of the Lotus Blossom
                  | {Dex+4}
 84744 | Zot:5    | Entered Level 5 of the Realm of Zot
 85114 | Zot:5    | Found a runed translucent door.
 85114 | Zot:5    | Noticed Anuegiwi's ghost (veteran AtFi)
 85116 | Zot:5    | Acquired a manual of Translocations
 85148 | Zot:5    | Reached skill level 26 in Fighting
 85882 | Zot:5    | Noticed an ancient lich
 85889 | Zot:5    | Killed an ancient lich
 86181 | Zot:5    | Noticed an orb of fire
 86182 | Zot:5    | Gained mutation: You occasionally lose the ability to drink
                  | potions when taking damage. [an orb of fire]
 86190 | Zot:5    | Gained mutation: You sometimes lose the ability to drink
                  | potions when taking damage. [an orb of fire]
 86192 | Zot:5    | Killed an orb of fire
 86215 | Zot:5    | Lost mutation: You are robust. (+10% HP) [potion of
                  | mutation]
 86215 | Zot:5    | Lost mutation: You sometimes lose the ability to drink
                  | potions when taking damage. [potion of mutation]
 86215 | Zot:5    | Gained mutation: You are frail. (-10% HP) [potion of
                  | mutation]
 86216 | Zot:5    | Lost mutation: You occasionally lose the ability to drink
                  | potions when taking damage. [potion of mutation]
 86216 | Zot:5    | Lost mutation: You have an increased reservoir of magic.
                  | (+10% MP) [potion of mutation]
 86216 | Zot:5    | Lost mutation: You are frail. (-10% HP) [potion of
                  | mutation]
 86216 | Zot:5    | Lost mutation: You expend magic power (3 MP) to strengthen
                  | your wands. [potion of mutation]
 86330 | Zot:5    | Noticed an ancient lich
 86348 | Zot:5    | Killed an ancient lich
 86450 | Zot:5    | Noticed an ancient lich
 86455 | Zot:5    | Killed an ancient lich
 87102 | Zot:5    | Identified the +5 plate armour "Tes Ylu" {Str+7}
 87527 | Zot:5    | Noticed an orb of fire
 88238 | Zot:5    | Gained mutation: You occasionally lose the ability to drink
                  | potions when taking damage. [an orb of fire]
 88239 | Zot:5    | Killed an orb of fire
 88240 | Zot:5    | Lost mutation: You occasionally lose the ability to drink
                  | potions when taking damage. [potion of mutation]
 88240 | Zot:5    | Gained mutation: You are agile. (Dex +4, Str/Int -1)
                  | [potion of mutation]
 88240 | Zot:5    | Gained mutation: Your muscles are strong. (Str +4, Int/Dex
                  | -1) [potion of mutation]
 88631 | Zot:5    | Noticed a dread lich
 88636 | Zot:5    | Killed a dread lich
 89565 | Zot:5    | Got the Orb of Zot
 89813 | Depths:4 | Noticed Gyuxaag the pandemonium lord
 89813 | Depths:4 | Noticed an ancient lich
 89817 | Depths:4 | Killed Gyuxaag the pandemonium lord
 89826 | Depths:4 | Killed an ancient lich
 90174 | D:$      | Escaped with the Orb!

Illustrated notes

Levels and vault maps discovered:
D:1:      arrival_aquarium_a, layout_basic, minmay_misc_feat_iff,
          minmay_pentomino_u4
D:2:      layout_loops_corners, minmay_vboxes, uniq_terence
D:3:      layout_basic, serial_shops, nicolae_square_shop
D:4:      layout_loops_ring, nrook_loot_triangle, dreamdust_mushroom_princess,
          uniq_pikel
D:5:      minmay_chambers_of_fours, layout_loops_corners,
          nicolae_ru_the_path_less_chosen, nzn_hepliaklqana_mist_gate,
          mainiacjoe_overflow_cross_hatched, old_standard_altar,
          mainiacjoe_overflow_alcove_1
D:6:      layout_cave_pools, zin_angel, serial_shops, shop, grunt_ministairs_13,
          minmay_strange_pillars, minmay_shop_grid_forest
D:7:      layout_basic, minmay_temple_entry_hall, serial_shops, shop,
          uniq_menkaure, uniq_duvessa, uniq_jeremiah
D:8:      layout_basic, uniq_maurice
D:9:      layout_long_grid, uniq_erolcha
D:10:     layout_roguey, grunt_lair_entry_orc_guard_hut, special_room
          [special_room_bee]
D:11:     minmay_the_grid_octo_tiled_squarecenter_mashed
          [minmay_the_grid_octo_checkerflower, minmay_the_grid_octo_chip,
          minmay_the_grid_octo_vomiting_pacman, minmay_the_grid_octo_concentric,
          minmay_the_grid_square_5x5_megaprize_hollow,
          minmay_the_grid_square_5x5_minivault, minmay_the_grid_square_5x5_z,
          minmay_the_grid_square_5x5_inverted_slash,
          minmay_the_grid_square_5x5_moneybag], layout_layer_cave,
          uniq_josephine
D:12:     layout_long_grid, orc_0_dummy, small_statue_alley_a, uniq_psyche,
          uniq_sonja, uniq_kirke, uniq_jorgrun
D:13:     layout_roguey, david_vaults_1, gammafunk_ghost_ooze, uniq_snorg
D:14:     nicolae_aperiodic_l_corner, layout_small_grid, enter_trove_6,
          serial_bayou_lagoon_a, nicolae_elevator_lobby_asterisk
D:15:     gammafunk_depths_entry_grave, layout_loops_cross, fiery_altar_vehumet
Lair:1:   layout_regular_city, serial_bayou, serial_bayou_lake_a,
          serial_bayou_pond_e, serial_bayou_pond_e, serial_bayou_pond_a,
          gauntlet_entry_generic, chequers_serial_rivers_micro_a, uniq_harold
Lair:2:   layout_small_grid, shoals_dummy_entry, spider_nest_entry_a,
          nicolae_lair_lakeside_cave, grunt_megastairs_2, uniq_gastronok
Lair:3:   layout_roguey, grunt_megastairs_1, lemuel_fruit_fields
Lair:4:   layout_small_grid, guppyfry_lair_drakes, lemuel_fruit_tree
Lair:5:   minmay_lair_end_enchanted_forest, layout_misc_corridors,
          slime_entry_1, portal_ice_cave_rime, columned_hall_lemuel
Shoals:1: layout_shoals, serial_shops, nicolae_shop_tiny_real_fake_doors,
          nicolae_shoals_beach_house_on_fowls_legs, uniq_mlioglotl, uniq_roxanne
Shoals:2: layout_shoals
Shoals:3: layout_shoals, abandoned_shop, nicolae_shoals_loop_pool
Shoals:4: shoals_end_hellmonk_lost_city
Spider:1: layout_spider_delve, drop_trap, beargit_elvish_explorers
Spider:2: layout_chambers, worms_lemuel, uniq_azrael
Spider:3: layout_spider_delve, nicolae_spider_webbed_stairs
Spider:4: floodkiller_spider_rune_tomb, hellmonk_narrow_tunnel
Orc:1:    layout_caves, basic_altar, nicolae_orc_damp_corner,
          minmay_orc_temple_a
Orc:2:    grunt_orc_gardens, layout_diamond_mine, grunt_orc_garden,
          grunt_orc_garden, grunt_orc_garden, grunt_orc_garden
Elf:1:    cheibrodos_wizards_tower, layout_gridlike,
          nicolae_elf_shapeshifter_party, dk_noncrumbling_3
Elf:2:    nicolae_elf_blades_splatter_lattice [mumra_blade_entry_dagger],
          layout_loops_cross, serial_shops, nicolae_shop_real_fake_doors,
          nicolae_elf_elemental_lessons, uniq_agnes
Elf:3:    grunt_elf_hall_asides, layout_loops_cross
Vaults:1: nicolae_vaults_double_plus_2, nicolae_vaults_ellipses_ellipsis,
          nicolae_vaults_back_hallway, nicolae_vaults_you_can_take_it_with_you,
          vaults_dpeg_encased_lava, grunt_vaults_hallway_long,
          nicolae_vaults_three_branches, v_misc_30,
          nicolae_vaults_surprise_closet, vaults_room_boxed,
          vaults_dpeg_diagonal, ontoclasm_vaults_fault,
          vaults_room_grunt_arrival_ludios, vaults_dpeg_ring,
          layout_vaults_ring, uniq_donald
Vaults:2: nicolae_vaults_six-pack, nicolae_vaults_more_shelving_2,
          hangedman_vaults_nodes, v_misc_26, minmay_crypt_entry_simple_plaza,
          vaults_room_semicircle, nicolae_vaults_double_plus_2,
          nicolae_vaults_shelves_hall, nicolae_vaults_heart-shaped_vault,
          ontoclasm_vaults_claustrophobia, layout_vaults_omnigrid
Vaults:3: nicolae_vaults_tangram_2, vaults_room_large_hall, v_misc_23,
          hangedman_vaults_stretched_pinwheel, nicolae_vaults_closet_pinwheel_1,
          v_misc_9, v_pattern_1, nicolae_vaults_rhombus_7,
          nicolae_vaults_tetromino_Z_2, nicolae_vaults_trapezoid_lopsided_3,
          nicolae_vaults_trapezoid_1, nicolae_vaults_heist,
          layout_vaults_omnicross
Vaults:4: nicolae_vaults_closet_pinwheel_4, hangedman_vaults_hat,
          vaults_room_hallway, vaults_room_fours, nicolae_vaults_tetromino_T_2,
          v_misc_31, vaults_room_corners, layout_vaults_big_room
Vaults:5
Crypt:1:  layout_misc_corridors, basic_altar, grunt_crypt_arrival_split,
          uniq_frederick
Crypt:2:  dreamdust_cat_pyramid, layout_regular_city,
          lightli_enter_wizlab_magi_temple, uniq_bai_suzhen
Crypt:3:  due_elkab, layout_chaotic_city, uniq_josephina
Depths:1: layout_small_grid, enter_ziggurat_a, nicolae_uskayaw_en_pointe,
          grunt_metal_band, pan_entry, hellmonk_guarded_unrand_starlight
Depths:2: minmay_broken_ring, layout_honeycomb, grunt_hell_entry_dis_mu,
          abyss_entry_flame_altar, rand_demon_pan_entry_4, lemuel_doored_altar,
          nicolae_rare_books, lemuel_old_faithful,
          infiniplex_staircase_door_maze
Depths:3: nzn_winding_woodlands_medium [nzn_winding_woodlands_5x5_cross,
          nzn_winding_woodlands_5x15_sawtooth,
          nzn_winding_woodlands_5x5_perimeter,
          nzn_winding_woodlands_5x5_checkerboard,
          nzn_winding_woodlands_center_diamonds,
          nzn_winding_woodlands_5x5_three, nzn_winding_woodlands_5x5_open_star,
          nzn_winding_woodlands_5x15_split_checker,
          nzn_winding_woodlands_5x5_closed_star], layout_cave_pools,
          regret_index_abyss_entry_earlier_magic, hell_entry,
          nrook_kobold_shadow_demons
Depths:4: grunt_zot_entry_funnels, layout_basic, hell_entry, tgw_xom
Zot:1:    chapayev_index_zotdef_columnade, layout_gridville
Zot:2:    layout_twisted_circle
Zot:3:    layout_basic, hellmonk_ghost_happy_afterlife, nzn_random_ring,
          uniq_parghit
Zot:4:    lemuel_firehouse, layout_cathedral_of_symmetry
Zot:5:    layout_basic, gammafunk_ghost_grave, grunt_ministairs_2

Skill      XL: |  1  2  3  4  5  6  7  8  9 10 11 12 13 14 15 16 17 18 19 20 21 22 23 24 25 26 27 |
---------------+----------------------------------------------------------------------------------+-----
Fighting       | 1 2 3 4 5 7 10 12 14 15 17 18 20 21 22 23 26 | 26.0
Fire Magic     | 2 3 |  3.6
Polearms       | 2 3 4 |  4.0
Conjurations   | 2 0 |  0.0
Dodging        | 1 2 3 4 6 8 10 14 15 16 17 18 19 21 | 21.6
Short Blades   | 4 |  4.0
Translocations | 3 6 9 11 13 | 13.0
Spellcasting   | 3 5 6 |  6.0
Summonings     | 2 0 |  0.0
Long Blades    | 2 7 9 10 13 15 | 15.7
Alchemy        | 5 |  5.0
Armour         | 2 5 9 12 14 15 16 17 18 19 21 | 21.6
Evocations     | 7 9 14 19 | 19.5
Air Magic      | 5 8 9 11 | 11.0
Necromancy     | 7 10 | 10.0
Stealth        | |  1.0
Invocations    | |  1.0

Action                     |  1- 3 |  4- 6 |  7- 9 | 10-12 | 13-15 | 16-18 | 19-21 | 22-24 | 25-27 || total
---------------------------+-------+-------+-------+-------+-------+-------+-------+-------+-------++-------
  Melee: Spear             |   118 |    66 |       |       |       |       |       |       |       ||   184
         Dagger            |    17 |    69 |    83 |       |       |       |       |       |       ||   169
         Short sword       |       |    56 |   197 |   331 |       |       |       |       |       ||   584
         Scimitar          |       |       |   120 |   658 |   990 |   901 |  1333 |   591 |       ||  4593
         Falchion          |       |       |       |       |   697 |   898 |  1320 |  1534 |   218 ||  4667
         Demon blade       |       |       |       |       |       |       |       |   986 |  1726 ||  2712
         Double sword      |       |       |       |       |       |       |       |       |  1542 ||  1542
  Throw: Dart              |       |     8 |    10 |    11 |       |       |       |       |       ||    29
         Throwing net      |       |       |       |       |       |       |       |       |     1 ||     1
   Cast: Foxfire           |    34 |    39 |    81 |     4 |       |       |       |       |       ||   158
         Blink             |       |       |     1 |       |     1 |     4 |     8 |     5 |     5 ||    24
         Call Imp          |       |       |     3 |     4 |       |       |       |       |       ||     7
         Vhi's Electric Ch |       |       |       |       |     2 |   109 |   203 |   129 |    70 ||   513
         Maxwell's Portabl |       |       |       |       |       |     9 |     1 |     3 |       ||    13
         Lesser Beckoning  |       |       |       |       |       |     3 |     2 |     5 |       ||    10
         Fugue of the Fall |       |       |       |       |       |       |    15 |    58 |    12 ||    85
         Dispel Undead     |       |       |       |       |       |       |     9 |     7 |    37 ||    53
         Passage of Golubr |       |       |       |       |       |       |       |       |     8 ||     8
 Invoke: Sacrifice Words   |       |       |     1 |       |       |       |       |       |       ||     1
         Draw Out Power    |       |       |       |     3 |       |       |     1 |       |     5 ||     9
         Sacrifice Love    |       |       |       |     1 |       |       |       |       |       ||     1
         Sacrifice Arcana  |       |       |       |     1 |       |       |       |       |       ||     1
         Power Leap        |       |       |       |     2 |     9 |     6 |     9 |     7 |     3 ||    36
         Sacrifice Forms   |       |       |       |       |     1 |       |       |       |       ||     1
         Apocalypse        |       |       |       |       |     2 |     2 |     7 |     3 |    11 ||    25
         Sacrifice Essence |       |       |       |       |     1 |       |       |       |       ||     1
         Sacrifice Health  |       |       |       |       |     1 |       |       |       |       ||     1
Ability: Invent Gizmo      |       |       |       |       |       |       |     1 |       |       ||     1
  Evoke: Wand              |       |       |    11 |     9 |    23 |       |    12 |     4 |    20 ||    79
         Tin of tremorston |       |       |       |       |       |       |       |     2 |     1 ||     3
         Gell's gravitambo |       |       |       |       |       |       |       |       |     2 ||     2
    Use: Scroll            |       |     3 |    10 |    13 |    10 |     6 |     3 |     9 |    27 ||    81
         Potion            |       |       |       |     5 |     2 |     2 |     2 |       |    15 ||    26
   Stab: Sleeping          |       |     1 |     2 |       |       |       |       |       |     7 ||    10
         Distracted        |       |       |       |     3 |     5 |    10 |     5 |     5 |    13 ||    41
         Invisible         |       |       |       |     6 |    29 |    57 |    39 |    22 |    34 ||   187
         Paralysed         |       |       |       |       |     2 |    16 |    23 |    19 |    29 ||    89
 Armour: Robe              |    27 |    46 |       |       |       |       |       |       |       ||    73
         Troll leather arm |       |    15 |   147 |    32 |       |       |       |       |       ||   194
         Chain mail        |       |       |       |   366 |   236 |       |       |       |       ||   602
         Scale mail        |       |       |       |       |   361 |   546 |   802 |  1045 |  1208 ||  3962
  Dodge: Dodged            |    56 |    49 |   110 |   177 |   443 |   537 |   686 |   756 |  1183 ||  3997

Table legend: (Time is in decaauts)
 A = Elapsed time spent in this place.
 B = Non-inter-level travel time spent in this place.
 C = Inter-level travel time spent in this place.
 D = Time resting spent in this place.
 E = Time spent auto-exploring this place.
 F = Levels seen in this place.
 G = Mean time per level.
                   A        B        C        D        E       F      G
               +--------+--------+--------+--------+--------+-----+--------+
         Total |  88515 |  81418 |   7097 |  31937 |  27244 |  53 | 1670.1 |
       Dungeon |  23011 |  20241 |   2770 |   5109 |   8917 |  15 | 1534.1 |
          Lair |   6107 |   5563 |    544 |   1396 |   2634 |   5 | 1221.4 |
        Shoals |   4593 |   4367 |    226 |   1569 |   1640 |   4 | 1148.2 |
   Spider Nest |   7534 |   6573 |    961 |   3080 |   1718 |   4 | 1883.5 |
  Orcish Mines |   2058 |   1769 |    289 |    803 |    500 |   2 | 1029.0 |
   Elven Halls |   5867 |   5638 |    229 |   2668 |   1311 |   3 | 1955.7 |
        Vaults |  10325 |   9558 |    767 |   3830 |   3451 |   5 | 2065.0 |
         Crypt |   5148 |   4912 |    236 |   2109 |   1381 |   3 | 1716.0 |
        Depths |   7926 |   7507 |    419 |   3118 |   2631 |   4 | 1981.5 |
           Zot |  13385 |  12733 |    652 |   7361 |   2722 |   5 | 2677.0 |
      Ice Cave |   1305 |   1305 |      0 |    588 |      0 |   1 | 1305.0 |
        Wizlab |    774 |    774 |      0 |    280 |    184 |   1 |  774.0 |
      Gauntlet |    477 |    477 |      0 |     22 |    152 |   1 |  477.0 |
               +--------+--------+--------+--------+--------+-----+--------+

Top non-repeatable levels by time:
   Zot:5: 4722 daAuts
Vaults:4: 4098 daAuts
Spider:4: 3017 daAuts
   Elf:2: 2821 daAuts
Depths:2: 2712 daAuts
   Zot:2: 2688 daAuts
     D:2: 2635 daAuts
 Crypt:3: 2411 daAuts
  Lair:2: 2383 daAuts
Depths:1: 2365 daAuts
   Zot:1: 2346 daAuts
     D:8: 2109 daAuts
   Zot:4: 1932 daAuts
     D:5: 1896 daAuts
     D:7: 1869 daAuts
